 Dungeon Crawl Stone Soup version 0.24.0-41-g2ae2f7f1be (webtiles) character file.

Game seed: 3406549500608253665, levelgen mode: deterministic

142247 Almogavar the Warrior (level 16, -13/148 HPs)
             Began as a Minotaur Fighter on Dec 15, 2019.
             Was the Champion of Okawaru.
             Mangled by an enormous slime creature (28 damage)
             ... on level 2 of the Swamp.
             The game lasted 01:57:24 (33899 turns).

Almogavar the Warrior (Minotaur Fighter)           Turns: 33899, Time: 01:57:24

Health: -13/148    AC: 25    Str: 29    XL:     16   Next: 80%
Magic:  31/31      EV:  9    Int: 11    God:    Okawaru [******]
Gold:   2700       SH: 14    Dex: 14    Spells: 15/15 levels left

rFire    + + .     SeeInvis .   F - +9 mace "Embalmer" {crush, *Contam +Rage rN+ Dex+3}
rCold    + . .     Gourm    +   c - +0 shield
rNeg     + + .     Faith    .   E - +0 gold dragon scales
rPois    +         Spirit   .   s - +2 hat of Boaraoj {rF+ rCorr Str+2}
rElec    .         Reflect  .   J - +0 cloak {MR+}
rCorr    +         Harm     .   u - +2 pair of gloves of Autotheism {MP+9 Int+2}
MR       ++++.                  G - +0 pair of boots
Stlth    ..........             U - amulet of the gourmand
HPRegen  0.34/turn              p - ring of positive energy
MPRegen  0.22/turn              l - ring "Zyosh" {MR++ Int+4 Stlth+}

@: about to teleport, studying Axes, drained
A: retaliatory headbutt, horns 2, frail 1
a: Heroism, Finesse, Renounce Religion, Evoke Berserk Rage


You were on level 2 of the Swamp.
You worshipped Okawaru.
Okawaru was exalted by your worship.
You were full.

You visited 4 branches of the dungeon, and saw 26 of its levels.
You visited the Abyss 1 time.

You collected 2958 gold pieces.
You spent 258 gold pieces at shops.

Inventory:

Hand Weapons
 F - the +9 mace "Embalmer" (weapon) {crush, *Contam +Rage rN+ Dex+3}
   (You found it on level 1 of the Abyss)

   It inflicts extra damage upon your enemies.
   It affects your dexterity (+3).
   It protects you from negative energy.
   It lets you go berserk.
   It causes magical contamination when unequipped.
 H - a +2 great mace of holy wrath
 S - a +1 longbow of flaming
Missiles
 y - 384 arrows
Armour
 c - a +0 shield (worn)
 s - the +2 hat of Boaraoj (worn) {rF+ rCorr Str+2}
   (Okawaru gifted it to you on level 1 of the Lair of Beasts)

   It affects your strength (+2).
   It protects you from fire.
   It provides partial protection from all sources of acid and corrosion.
 u - the +2 pair of gloves of Autotheism (worn) {MP+9 Int+2}
   (You found it on level 4 of the Lair of Beasts)

   It affects your intelligence (+2).
   It affects your magic capacity (+9).
 E - +0 gold dragon scales (worn)
 G - a +0 pair of boots (worn)
 J - a +0 cloak of magic resistance (worn)
 Z - a +2 crystal plate armour
Jewellery
 l - the ring "Zyosh" (right hand) {MR++ Int+4 Stlth+}
   (You found it on level 11 of the Dungeon)

   [ring of stealth]

   It affects your intelligence (+4).
   It affects your resistance to hostile enchantments.
   It makes you more stealthy.
 p - a ring of positive energy (left hand)
 r - an uncursed ring of protection from magic
 D - an uncursed amulet of rage
 M - an uncursed ring of fire
 P - an uncursed ring of ice
 Q - a +2 ring of protection
 U - an amulet of the gourmand (around neck)
Wands
 n - a wand of iceblast (22)
 A - a wand of clouds (8)
 B - a wand of scattershot (2)
 C - a wand of disintegration (19)
Scrolls
 b - 5 scrolls of blinking
 e - 5 scrolls of enchant weapon
 i - 17 scrolls of remove curse
 j - 8 scrolls of teleportation
 k - 4 scrolls of amnesia
 m - a scroll of enchant armour
 t - a scroll of silence
 w - a scroll of torment {unknown}
 x - 7 scrolls of magic mapping
 K - 5 scrolls of fear
 N - a scroll of holy word {unknown}
 O - 3 scrolls of summoning {unknown}
Potions
 a - a potion of resistance
 d - 3 potions of might
 g - 4 potions of agility
 h - 7 potions of curing
 o - 3 potions of haste
 q - 3 potions of flight
 v - a potion of mutation {unknown}
 I - 3 potions of invisibility
 L - 2 potions of cancellation
 Y - 4 potions of heal wounds
Books
 z - a manual of Axes
Miscellaneous
 R - a phial of floods
 X - a sack of spiders
Comestibles
 f - 35 rations


   Skills:
 + Level 20.9(19.2) Fighting
 - Level 14.2(12.7) Maces & Flails
 - Level 10.6(9.2) Armour
 + Level 8.5(7.2) Dodging
 - Level 15.2(13.7) Shields
 * Level 6.8(5.5) Invocations
 * Level 10.3(8.9) Evocations


You had 15 spell levels left.
You didn't know any spells.
Your spell library contained the following spells:

 Spells                   Type           Power        Failure   Level  Hunger
 Animate Skeleton         Necr           N/A          100%        1    ##.....
 Apportation              Tloc           #.....       100%        1    ##.....
 Beastly Appendage        Tmut           #.....       100%        1    ##.....
 Confusing Touch          Hex            #.....       100%        1    ##.....
 Magic Dart               Conj           #...         100%        1    ##.....
 Pain                     Necr           #...         100%        1    ##.....
 Sandblast                Erth           #.....       100%        1    ##.....
 Sting                    Conj/Pois      #...         100%        1    ##.....
 Summon Butterflies       Summ           #.......     100%        1    ##.....
 Summon Small Mammal      Summ           #...         100%        1    ##.....
 Blink                    Tloc           N/A          100%        2    ###....
 Call Imp                 Summ           #.......     100%        2    ###....
 Passwall                 Tmut/Erth      #.......     100%        2    ###....
 Poisonous Vapours        Pois/Air       #.....       100%        2    ###....
 Searing Ray              Conj           #.....       100%        2    ###....
 Shroud of Golubria       Chrm/Tloc      #.....       100%        2    ###....
 Slow                     Hex            #.......     100%        2    ###....
 Sticks to Snakes         Tmut           #.......     100%        2    ###....
 Call Canine Familiar     Summ           #.......     100%        3    ####...
 Confuse                  Hex            #.......     100%        3    ####...
 Conjure Flame            Conj/Fire      #.......     100%        3    ####...
 Dazzling Spray           Conj/Hex       #.....       100%        3    ####...
 Gell's Gravitas          Tloc           #.........   100%        3    ####...
 Lesser Beckoning         Tloc           #.........   100%        3    ####...
 Mephitic Cloud           Conj/Pois/Air  #.......     100%        3    ####...
 Recall                   Summ/Tloc      N/A          100%        3    ####...
 Regeneration             Chrm/Necr      #.........   100%        3    ####...
 Spider Form              Tmut/Pois      #.........   100%        3    ####...
 Stone Arrow              Conj/Erth      #.....       100%        3    ####...
 Teleport Other           Tloc           #.......     100%        3    ####...
 Vampiric Draining        Necr           #.........   100%        3    ####...
 Animate Dead             Necr           N/A          100%        4    #####..
 Force Lance              Conj/Tloc      #.......     100%        4    #####..
 Fulminant Prism          Conj/Hex       #.........   100%        4    #####..
 Ice Form                 Ice/Tmut       #.......     100%        4    #####..
 Iskenderun's Mystic Bla  Conj           #.......     100%        4    #####..
 Olgreb's Toxic Radiance  Pois           #.......     100%        4    #####..
 Passage of Golubria      Tloc           N/A          100%        4    #####..
 Petrify                  Tmut/Erth      #.......     100%        4    #####..
 Summon Ice Beast         Ice/Summ       #.......     100%        4    #####..
 Blade Hands              Tmut           #.........   100%        5    ######.
 Bolt of Magma            Conj/Fire/Erth #.........   100%        5    ######.
 Iskenderun's Battlesphe  Conj/Chrm      #.......     100%        5    ######.
 Lee's Rapid Deconstruct  Erth           #.........   100%        5    ######.
 Metabolic Englaciation   Hex/Ice        #.........   100%        5    ######.
 Summon Mana Viper        Hex/Summ       #.......     100%        5    ######.
 Venom Bolt               Conj/Pois      #.........   100%        5    ######.
 Yara's Violent Unravell  Hex/Tmut       #.........   100%        5    ######.
 Bolt of Cold             Conj/Ice       #.........   100%        6    #######
 Freezing Cloud           Conj/Ice/Air   #.........   100%        6    #######
 Iron Shot                Conj/Erth      #.........   100%        6    #######
 Ozocubu's Refrigeration  Ice            #.........   100%        6    #######
 Simulacrum               Ice/Necr       #.........   100%        6    #######
 Orb of Destruction       Conj           #.........   100%        7    #######
 Ring of Flames           Chrm/Fire      #.........   100%        7    #######
 Spellforged Servitor     Conj/Summ      #.........   100%        7    #######
 Summon Hydra             Summ           #.........   100%        7    #######
 Controlled Blink         Tloc           N/A          100%        8    #######


Dungeon Overview and Level Annotations

Branches:
Dungeon (15/15)            Temple (0/1) D:5            Lair (6/6) D:9
  Swamp (3/4) Lair:3        Snake (0/4) Lair:3        Slime (0/5) Lair:5
    Orc (2/2) D:10            Elf (0/3) Orc:2        Vaults (0/5) D:14
 Depths (0/5) D:15

Altars:
Cheibriados
Dithmenos
Gozag
Hepliaklqana
Makhleb
Nemelex Xobeh
Okawaru
Qazlal
Ru
Trog
Uskayaw
Xom
Zin
The Shining One
Beogh
Jiyva

Shops:
D:5 :   D:12 ?   D:13 [*   D:14 (   D:15 **   Orc:2 %*%:

Portals:
Hell: Lair:6

Annotations:
D:8 2 transporters, Scypier's ghost, novice SpEn
D:15 1 runed translucent door, Vochiuc's ghost, adept DEFE
Swamp:1 demivan's ghost, adept MiFi


Innate Abilities, Weirdness & Mutations

You reflexively headbutt those who attack you in melee.
You have a pair of horns on your head.
You are frail. (-10% HP)


Message History

There is a stone staircase leading up, spattered with blood here.
You see here the +1 chain mail "Xetamat" {*Drain +Inv rC- Regen+}.
You block the vampire mosquito's attack.
The vampire mosquito barely misses you.
Two slime creatures merge to form an enormous slime creature.
The vampire mosquito bites you.
* * * LOW HITPOINT WARNING * * *
You climb upwards.
There is a stone staircase leading down here.
You feel better.
You block the vampire mosquito's attack. x2
You block the vampire mosquito's attack.
The vampire mosquito barely misses you. You furiously retaliate!
You headbutt the vampire mosquito!
The vampire mosquito bites you but does no damage.
As you read the scroll of teleportation, it crumbles to dust.
You feel strangely unstable.
You block the vampire mosquito's attack.
The vampire mosquito barely misses you. The enormous slime creature hits you!!
You die...

♣..♣♣♣≈≈≈≈..♣♣♣
♣##♣≈♣# ..♣♣
♣≈..≈....♣♣♣
♣.#### .♣♣
♣♣..≈≈≈....♣♣♣≈≈≈♣
.♣
♣♣...§..≈..≈≈.≈≈♣
♣♣
♣......≈≈♣≈≈♣.≈♣ ♣
♣♣...≈♣≈≈≈≈≈♣..♣
♣♣♣.≈≈≈≈≈≈≈≈.♣♣
♣♣.....≈≈≈.♣♣
♣♣♣>y@.≈≈.)♣
♣♣J♣..≈≈.♣
♣♣♣♣.≈≈.♣ ♣....♣♣
♣♣.≈≈.♣ ♣.≈.♣♣
♣♣≈≈♣ ♣♣≈♣♣ ♣♣.♣


You could see an enormous slime creature and a vampire mosquito.

Vanquished Creatures
  Nikola (Swamp:1)
  A bone dragon (Abyss:1)
  2 tentacled monstrosities (Swamp:2)
  Jorgrun (D:13)
  Gastronok (Lair:2)
  Frances (D:14)
  Nessos (D:13)
  Azrael (D:14)
  A dire elephant (Lair:6)
  A purple draconian (Abyss:1)
  Snorg (D:12)
  2 fire dragons
  A yaktaur captain (D:15)
  11 hydras
  Erolcha (D:10)
  A shambling mangrove (Swamp:2)
  Erica (D:10)
  4 vault guards (D:14)
  4 centaur warriors
  12 two-headed ogres
  7 alligators
  2 ogre magi (Orc:2)
  An orc high priest (Orc:1)
  A thrashing horror (Abyss:1)
  Sonja (D:12)
  Urug (D:13)
  A sun demon (Lair:6)
  A fire crab (Lair:5)
  2 deep trolls (Orc:2)
  2 unseen horrors
  A spriggan druid (Swamp:2)
  A wizard (Lair:6)
  A glowing orange brain (Abyss:1)
  A death drake (shapeshifter) (D:13)
  A lindwurm (Lair:6)
  4 swamp dragons
  2 orc knights
  A wolf spider (D:15)
  2 orc sorcerers (Orc:1)
  A manticore (D:12)
  2 deep elf magi
  5 oklob plants
  11 ugly things
  6 cyclopes
  3 elephants (Lair:5)
  A rust devil (Abyss:1)
  6 black mambas
  Maurice (D:13)
  3 gargoyles
  15 spiny frogs
  17 rime drakes
  A yaktaur (shapeshifter) (D:13)
  11 komodo dragons
  2 ice devils (Lair:6)
  2 efreet
  A hellwing (Lair:6)
  A yaktaur (D:15)
  An ancient zyme (Abyss:1)
  3 polar bears (Lair:6)
  4 red devils (Lair:6)
  18 trolls
  5 tyrant leeches
  2 hornets (Swamp:2)
  A raiju (Abyss:1)
  27 blink frogs
  14 slime creatures
  4 bog bodies (Swamp:1)
  10 hippogriffs
  A meliai zombie (D:14)
  A dream sheep (Lair:6)
  A flying skull (Abyss:1)
  A shadow (D:12)
  A ynoxinul (Abyss:1)
  3 vampires
  51 yaks
  A spriggan (D:7)
  A wraith (D:11)
  Sigmund (D:4)
  3 basilisks
  A large abomination (Abyss:1)
  6 wyverns
  5 hungry ghosts
  10 steam dragons (Lair:6)
  16 vampire mosquitoes
  4 fire elementals (D:14)
  A neqoxec (Abyss:1)
  Edmund (D:4)
  2 wargs
  A soldier ant (D:14)
  17 insubstantial wisps
  8 swamp worms
  5 nagas (Lair:3)
  9 water moccasins
  8 hell hounds
  6 porcupines
  20 orc warriors
  5 ice beasts
  2 swamp drakes
  2 sky beasts (D:8)
  A hornet zombie (D:9)
  2 eyes of draining
  27 ogres
  2 phantoms
  13 wolves
  4 boggarts (D:14)
  10 centaurs
  15 crocodiles
  5 big kobolds
  A small abomination (Abyss:1)
  11 bullfrogs
  4 gnoll sergeants (D:10)
  5 scorpions
  12 killer bees
  12 wights
  6 howler monkeys
  5 crimson imps
  2 lava snakes (D:13)
  4 hounds
  3 centaur zombies
  7 jellies
  12 orc priests
  7 centaur skeletons
  3 bullfrog skeletons
  An iguana (D:8)
  18 orc wizards
  9 worker ants
  A killer bee zombie (D:8)
  3 hound skeletons
  A worker ant zombie (D:6)
  9 adders
  7 gnolls
  4 shadow imps
  An ufetubus (Abyss:1)
  An ooze (D:4)
  4 adder skeletons
  An adder zombie (D:5)
  4 worms
  3 dart slugs
  4 leopard geckos
  94 orcs
  5 bats
  3 giant cockroaches
  5 goblins
  7 hobgoblins
  14 jackals
  19 kobolds
  7 quokkas
  A ball python (D:2)
  5 frilled lizards (D:1)
  A jackal skeleton (D:9)
  2 leopard gecko skeletons
  A quokka zombie (D:7)
  7 rats
869 creatures vanquished.

Vanquished Creatures (others)
  A spiny frog (Swamp:1)
  A tyrant leech (Swamp:1)
  A hornet (Swamp:1)
  A large abomination (Abyss:1)
  A bog body (Swamp:1)
  A boggart (D:14)
  5 fungi
  7 plants
18 creatures vanquished.

Grand Total: 887 creatures vanquished

Notes
Turn   | Place    | Note
-------+----------+-------------------------------------------
     0 | D:1      | Almogavar the Minotaur Fighter began the quest for the Orb.
     0 | D:1      | Reached XP level 1. HP: 19/19 MP: 0/0
   452 | D:1      | Reached XP level 2. HP: 25/27 MP: 1/1
   973 | D:2      | Reached XP level 3. HP: 29/33 MP: 2/2
   996 | D:2      | Reached skill level 4 in Fighting
  1981 | D:3      | Found a glowing silver altar of Zin.
  2004 | D:3      | Reached XP level 4. HP: 40/40 MP: 3/3
  2722 | D:4      | Reached XP level 5. HP: 41/46 MP: 4/4
  2724 | D:4      | Reached skill level 1 in Dodging
  2831 | D:4      | Reached skill level 5 in Armour
  3004 | D:4      | Noticed an ogre
  3021 | D:4      | Killed an ogre
  3021 | D:4      | Reached skill level 5 in Maces & Flails
  3021 | D:4      | Reached XP level 6. HP: 24/53 MP: 5/5
  3434 | D:4      | Reached skill level 5 in Shields
  3611 | D:4      | Found a burning altar of Makhleb.
  3614 | D:4      | Found a sacrificial altar of Ru.
  3614 | D:4      | Found a stormy altar of Qazlal.
  3615 | D:4      | Found an iron altar of Okawaru.
  3625 | D:4      | Became a worshipper of Warmaster Okawaru
  3940 | D:4      | Noticed Sigmund
  3956 | D:4      | Killed Sigmund
  3956 | D:4      | Reached skill level 5 in Fighting
  3956 | D:4      | Reached XP level 7. HP: 54/61 MP: 6/6
  4013 | D:4      | Noticed Edmund
  4022 | D:4      | Killed Edmund
  4022 | D:4      | Reached * piety under Okawaru
  4135 | D:5      | Entered Level 5 of the Dungeon
  4135 | D:5      | Found a staircase to the Ecumenical Temple.
  4677 | D:5      | Found a snail-covered altar of Cheibriados.
  4839 | D:5      | Found Lyemegae's Book Boutique.
  5165 | D:6      | Reached XP level 8. HP: 69/69 MP: 7/7
  5251 | D:6      | Found a shadowy altar of Dithmenos.
  5825 | D:6      | Reached skill level 6 in Fighting
  6014 | D:7      | Found a snail-covered altar of Cheibriados.
  6103 | D:7      | Reached ** piety under Okawaru
  6448 | D:7      | Found a shimmering altar of Xom.
  6717 | D:7      | Reached XP level 9. HP: 71/78 MP: 8/8
  7325 | D:8      | Reached skill level 10 in Maces & Flails
  7328 | D:8      | Reached *** piety under Okawaru
  7588 | D:8      | Found an opulent altar of Gozag.
  7698 | D:8      | Found a hide-covered altar of Uskayaw.
  7727 | D:8      | Found a hazy altar of Hepliaklqana.
  7742 | D:8      | Reached skill level 7 in Fighting
  7826 | D:8      | Found a transporter.
  7829 | D:8      | Found a transporter.
  7829 | D:8      | Noticed a moth of wrath
  7830 | D:8      | Found a bloodstained altar of Trog.
  7842 | D:8      | Noticed Scypier's ghost (novice SpEn)
  7928 | D:8      | Found a sparkling altar of Nemelex Xobeh.
  8073 | D:8      | Found a roughly hewn altar of Beogh.
  8494 | D:9      | Reached XP level 10. HP: 75/86 MP: 9/9
  8685 | D:9      | Identified the cursed +1 trident "Korethroe" {protect, +Inv
                  | MR+ Stlth+}
  8703 | D:9      | Reached **** piety under Okawaru
  9390 | D:9      | Found a staircase to the Lair.
  9653 | Lair:1   | Entered Level 1 of the Lair of Beasts
  9739 | Lair:1   | Received a gift from Okawaru
  9910 | Lair:1   | Reached skill level 8 in Fighting
  9922 | Lair:1   | Reached ***** piety under Okawaru
  9946 | Lair:1   | Reached skill level 10 in Shields
  9956 | Lair:1   | Received a gift from Okawaru
  9975 | Lair:1   | HP: 1/90 [blink frog (13)]
  9986 | Lair:1   | Got a slimy hat {god gift}
 10285 | Lair:1   | Identified the +2 hat of Boaraoj {rF+ rCorr Str+2} (Okawaru
                  | gifted it to you on level 1 of the Lair of Beasts)
 10315 | Lair:1   | Reached XP level 11. HP: 84/95 MP: 10/10
 10540 | Lair:1   | Got a faintly glowing scale mail
 10551 | Lair:1   | Identified the +4 scale mail of the Armoured One {-Cast
                  | MP+9 Dex+2} (You found it on level 1 of the Lair of Beasts)
 11525 | Lair:2   | Reached skill level 10 in Armour
 12013 | Lair:2   | Reached skill level 9 in Fighting
 12138 | Lair:2   | Noticed Gastronok
 12176 | Lair:2   | Killed Gastronok
 12176 | Lair:2   | Received a gift from Okawaru
 12176 | Lair:2   | Reached skill level 5 in Dodging
 13032 | Lair:3   | Found a staircase to the Snake Pit.
 13046 | Lair:3   | Reached XP level 12. HP: 60/105 MP: 11/11
 13474 | Lair:3   | Found a staircase to the Swamp.
 13533 | Lair:3   | Reached skill level 10 in Fighting
 13881 | Lair:3   | Received a gift from Okawaru
 14318 | Lair:4   | Got a pair of ancient gloves
 14329 | Lair:4   | Identified the +2 pair of gloves of Autotheism {MP+9 Int+2}
                  | (You found it on level 4 of the Lair of Beasts)
 14361 | Lair:4   | Reached skill level 1 in Evocations
 14543 | Lair:4   | Reached skill level 11 in Fighting
 14711 | Lair:4   | Received a gift from Okawaru
 14754 | Lair:4   | Found a hide-covered altar of Uskayaw.
 14941 | Lair:4   | Found an opulent altar of Gozag.
 15643 | Lair:5   | Identified the Almanac of Abstinence
 15849 | Lair:5   | Reached ****** piety under Okawaru
 15880 | Lair:5   | Found a viscous altar of Jiyva.
 15881 | Lair:5   | Found a staircase to the Slime Pits.
 15991 | Lair:5   | Reached XP level 13. HP: 115/117 MP: 14/14
 16001 | Lair:5   | Reached skill level 12 in Fighting
 16464 | Lair:6   | Entered Level 6 of the Lair of Beasts
 16870 | Lair:6   | Received a gift from Okawaru
 16889 | Lair:6   | Noticed a dire elephant
 16917 | Lair:6   | Killed a dire elephant
 17406 | Lair:6   | Received a gift from Okawaru
 17430 | Lair:6   | Reached skill level 5 in Evocations
 17460 | Lair:6   | Noticed a fire dragon
 17878 | Lair:6   | Killed a fire dragon
 17878 | Lair:6   | Reached skill level 13 in Fighting
 18517 | Lair:6   | Reached skill level 15 in Shields
 18520 | Lair:6   | Found a burning altar of Makhleb.
 18614 | Lair:6   | Reached XP level 14. HP: 115/129 MP: 17/17
 19079 | Lair:6   | Found a gateway to Hell.
 19734 | D:10     | Entered Level 10 of the Dungeon
 19801 | D:10     | Noticed Erica
 19813 | D:10     | Killed Erica
 19813 | D:10     | Received a gift from Okawaru
 19813 | D:10     | Reached skill level 1 in Invocations
 20181 | D:10     | Found a staircase to the Orcish Mines.
 20535 | D:10     | Noticed Erolcha
 20555 | D:10     | Killed Erolcha
 20555 | D:10     | Reached skill level 14 in Fighting
 20752 | Orc:1    | Entered Level 1 of the Orcish Mines
 21355 | Orc:2    | Entered Level 2 of the Orcish Mines
 21455 | Orc:2    | Found a staircase to the Elven Halls.
 21482 | Orc:2    | Found Jiczovid's Food Boutique.
 21482 | Orc:2    | Found Gakea's Food Boutique.
 21545 | Orc:2    | Reached skill level 15 in Fighting
 21587 | Orc:2    | Found Ydici's Book Shoppe.
 21591 | Orc:2    | Received a gift from Okawaru
 21614 | Orc:2    | Got a transparent hat {god gift}
 21788 | Orc:2    | Found Plog's Assorted Antiques.
 22134 | Orc:2    | Identified the +2 hat of the Thistle {rF+} (Okawaru gifted
                  | it to you on level 2 of the Orcish Mines)
 22255 | Orc:1    | Reached skill level 16 in Fighting
 22732 | D:11     | Got a pitted bronze ring
 22734 | D:11     | Identified the ring "Zyosh" {MR++ Int+4 Stlth+} (You found
                  | it on level 11 of the Dungeon)
 23075 | D:11     | Found a glowing golden altar of the Shining One.
 23312 | D:12     | Noticed Sonja
 23370 | D:12     | Reached XP level 15. HP: 131/145 MP: 20/20
 23840 | D:12     | Found Moenlogh's Magic Scroll Shoppe.
 23843 | D:12     | Bought a scroll of blinking for 127 gold pieces
 23843 | D:12     | Bought a scroll of fear for 59 gold pieces
 23978 | D:12     | Cast into level 1 of the Abyss (Sonja)
 23995 | Abyss:1  | Found a corrupted altar of Lugonu.
 24019 | Abyss:1  | Got an iridescent mace
 24056 | Abyss:1  | Gained mutation: You are frail. (-10% HP) [a neqoxec]
 24177 | Abyss:1  | Reached skill level 17 in Fighting
 24242 | Abyss:1  | Noticed a bone dragon
 24270 | Abyss:1  | Killed a bone dragon
 24270 | Abyss:1  | Received a gift from Okawaru
 24409 | D:12     | Escaped the Abyss
 24418 | D:12     | Killed Sonja
 24576 | D:12     | Noticed Snorg
 24594 | D:12     | Killed Snorg
 25126 | D:13     | Found Purym's Assorted Antiques.
 25163 | D:13     | Identified the +9 mace "Embalmer" {crush, *Contam +Rage rN+
                  | Dex+3} (You found it on level 1 of the Abyss)
 25174 | D:13     | Noticed Maurice
 25177 | D:13     | Noticed Nessos
 25210 | D:13     | Killed Maurice
 25218 | D:13     | Killed Nessos
 25373 | D:13     | Noticed Urug
 25386 | D:13     | Killed Urug
 25417 | D:13     | Noticed Jorgrun
 25436 | D:13     | Killed Jorgrun
 25436 | D:13     | Received a gift from Okawaru
 25492 | D:13     | Reached skill level 18 in Fighting
 25966 | D:13     | Received a gift from Okawaru
 26063 | D:13     | Found Kehimu's Armour Shoppe.
 26292 | D:13     | Found an iron altar of Okawaru.
 26734 | D:14     | Found a gate to the Vaults.
 27097 | D:14     | Noticed Frances
 27112 | D:14     | Killed Frances
 27252 | D:14     | Noticed Azrael
 27265 | D:14     | Killed Azrael
 27462 | D:14     | Found Rizxuzu's Antique Weapon Shop.
 27522 | D:14     | Reached skill level 19 in Fighting
 27529 | D:14     | Reached skill level 5 in Invocations
 27878 | D:15     | Entered Level 15 of the Dungeon
 27888 | D:15     | Reached XP level 16. HP: 116/144 MP: 22/22
 27981 | D:15     | Received a gift from Okawaru
 28234 | D:15     | Found a staircase to the Depths.
 28315 | D:15     | Found Duaffeufu's Assorted Antiques.
 28320 | D:15     | Bought a scroll of identify for 72 gold pieces
 28353 | D:15     | Found a runed translucent door.
 28371 | D:15     | Found a shimmering altar of Xom.
 28371 | D:15     | Noticed Vochiuc's ghost (adept DEFE)
 28425 | D:15     | Found Hidwiu's Changing Room.
 28504 | D:15     | Found a sparkling altar of Nemelex Xobeh.
 28970 | Swamp:1  | Entered Level 1 of the Swamp
 28982 | Swamp:1  | Noticed Nikola
 29430 | Swamp:1  | Killed Nikola
 30148 | Swamp:1  | Reached skill level 20 in Fighting
 30970 | Swamp:2  | Reached skill level 10 in Evocations
 31361 | Swamp:2  | Found a runed translucent gate.
 31361 | Swamp:2  | Found a runed translucent gate.
 31361 | Swamp:2  | Found a runed translucent gate.
 31414 | Swamp:2  | Noticed demivan's ghost (adept MiFi)
 32383 | Swamp:2  | Noticed a tentacled monstrosity
 32395 | Swamp:2  | Killed a tentacled monstrosity
 32888 | Swamp:2  | Noticed a tentacled monstrosity
 32921 | Swamp:2  | Killed a tentacled monstrosity
 33155 | Swamp:3  | Received a gift from Okawaru
 33191 | Swamp:3  | Got a dazzling chain mail {god gift}
 33551 | Swamp:3  | Identified the +1 chain mail "Xetamat" {*Drain +Inv rC-
                  | Regen+} (Okawaru gifted it to you on level 3 of the Swamp)
 33876 | Swamp:3  | HP: 6/148 [enormous slime creature (71)]
 33891 | Swamp:3  | HP: 6/148 [vampire mosquito (5)]
 33899 | Swamp:2  | Mangled by an enormous slime creature

Levels and vault maps discovered:
D:1:      saegor_arrival_miasma, layout_basic, hex_medium,
          hangedman_decor_points
D:2:      layout_loops_ring
D:3:      layout_loops_cross, overflow_temple_1_default, first_ration
D:4:      wander_river, layout_basic, nicolae_overflow_hidden_temple,
          grunt_temple_overflow_open, sigmund_edmund_badplayer
D:5:      layout_loops_corners, kennysheep_slug_shrine, temple_statues,
          serial_shops, nicolae_shop_waterfront, minmay_misc_feat_alley
D:6:      layout_rooms, basic_altar
D:7:      layout_loops_ring, lemuel_doored_altar, basic_altar, the_bakery
D:8:      layout_loops_ring, marbit_many_paths, lemuel_round_altar,
          nicolae_gozag_seed_capital, kennysheep_mini, special_room
          [special_room_orc], gammafunk_ghost_wrathful_warriors
D:9:      layout_stronghold, david_lair_shrubbed
D:10:     layout_roguey, kennysheep_orc_monster_closet_entryway, uniq_erica,
          uniq_erolcha
D:11:     layout_cave_pools, kennysheep_nub, nicolae_tso_swordbearing_angel
D:12:     layout_gridville, serial_shops, shop, hangedman_decor_diamond_cutter,
          uniq_snorg, uniq_sonja
D:13:     layout_basic, serial_shops, shop, shop, okawaru_ov_weapons_minmay,
          uniq_urug, uniq_maurice, uniq_nessos, uniq_jorgrun
D:14:     layout_basic, lightli_vaults_fourway_checkpoint,
          minmay_strange_pillars, serial_shops, nicolae_shop_trees,
          solitary_fountain, uniq_frances, uniq_azrael
D:15:     grunt_enter_depths_snipers, layout_gridville, ebering_ghost_xom,
          serial_shops, shop, hangedman_decor_push, basic_altar,
          serial_park_tiny_pond, nicolae_transmutations_shop
Lair:1:   layout_gridlike
Lair:2:   layout_gridlike, serial_bayou_pond_d, uniq_gastronok
Lair:3:   layout_roguey, minmay_swamp_entry_worms,
          minmay_snake_entry_guardpost_medium, grunt_megastairs_3
Lair:4:   layout_big_grid, basic_altar, lemuel_oklob_altar
Lair:5:   layout_hall_layers, slime_altar_1, grunt_megastairs_1,
          minmay_lair_oklob_chamber
Lair:6:   evil_forest, layout_cave_pods, bobbens_dragon_lair_wall
Swamp:1:  layout_falls_marsh, hangedman_swamp_ruin_wall, uniq_nikola
Swamp:2:  cheibrodos_swamp_monstrosity, layout_falls_marsh,
          gammafunk_ghost_hydra_chop, hangedman_swamp_cone
Swamp:3:  layout_basic_swamp, evilmike_swamp_ruin_house_5
Orc:1:    layout_caves
Orc:2:    st_orc_open, layout_caves

Skill      XL: |  1  2  3  4  5  6  7  8  9 10 11 12 13 14 15 16 |
---------------+-------------------------------------------------+-----
Armour         | 4 5 6 7 8 9 10 | 10.6
Maces & Flails | 3 4 5 6 7 9 11 12 14 | 14.2
Shields        | 4 5 6 7 8 10 11 13 15 | 15.2
Fighting       | 4 5 6 7 8 9 11 13 16 19 20 | 20.9
Dodging        | 1 2 3 4 5 7 8 |  8.5
Evocations     | 3 5 8 9 10 | 10.3
Invocations    | 1 5 6 |  6.8

Action                   |  1- 3 |  4- 6 |  7- 9 | 10-12 | 13-15 | 16-18 || total
-------------------------+-------+-------+-------+-------+-------+-------++-------
Melee: Flail             |   110 |   142 |   326 |   703 |  1396 |       ||  2677
       Headbutt          |    10 |    27 |    56 |   176 |   453 |   155 ||   877
       Whip              |       |     5 |     9 |       |       |       ||    14
       Mace              |       |       |       |       |   348 |   497 ||   845
Invok: Heroism           |       |       |     1 |     4 |    12 |     5 ||    22
Evoke: Wand              |       |       |       |       |     1 |     2 ||     3
  Use: Scroll            |     5 |     3 |     2 |     8 |     6 |     8 ||    32
       Potion            |       |       |       |     1 |     1 |     3 ||     5
  Eat: Chunk             |     4 |     6 |     9 |    17 |    31 |    15 ||    82
       Ration            |       |       |     2 |     2 |     4 |     3 ||    11
Armor: Scale mail        |    45 |    19 |       |   149 |    71 |       ||   284
       Chain mail        |       |    40 |   127 |    53 |       |       ||   220
       Crystal plate arm |       |       |       |       |   883 |   286 ||  1169
       Gold dragon scale |       |       |       |       |       |    28 ||    28
Dodge: Dodged            |    34 |    43 |    75 |   188 |   469 |   196 ||  1005
Block: Shield            |    49 |    72 |   178 |   347 |  1256 |   328 ||  2230
